 Dungeon Crawl Stone Soup version 0.25-b1-23-ge2ad7d536c (webtiles) character file.

Game seed: 11214926954061161090, levelgen mode: deterministic

205 Esekla the Magician (level 5, 0/33 HPs)
             Began as an Octopode Wizard on June 3, 2020.
             Killed by divine providence
             ... invoked by an orc priest
              (15 damage)
             ... on level 3 of the Dungeon.
             The game lasted 00:18:11 (2756 turns).

Esekla the Magician (Octopode Wizard)               Turns: 2756, Time: 00:18:11

Health: 0/33       AC:  1    Str:  7    XL:     5   Next: 83%
Magic:  2/11       EV: 13    Int: 20    God:
Gold:   38         SH:  5    Dex: 11    Spells: 4/13 levels left

rFire    . . .     SeeInvis .   k - +0 long sword (curse)
rCold    . . .     Gourm    .   e - +2 buckler {reflect}
rNeg     . . .     Faith    .   a - +0 hat
rPois    .         Spirit   .   (no amulet)
rElec    .         Reflect  +   (no ring)
rCorr    .         Harm     .   (no ring)
MR       .....                  (no ring)
Stlth    +++.......             (no ring)
HPRegen  0.11/turn              (no ring)
MPRegen  0.12/turn              (no ring)
                                (no ring)
                                (no ring)

@: very slightly contaminated
A: almost no armour, stealthy swim, amphibious, 8 rings, constrict 8, camouflage
1, gelatinous body 1
a: no special abilities


You were on level 3 of the Dungeon.
You were hungry.

You visited 1 branch of the dungeon, and saw 3 of its levels.

You collected 38 gold pieces.

Inventory:

Hand Weapons
 i - a +0 short sword
 k - a cursed +0 long sword (weapon)
Armour
 a - a +0 hat (worn)
 e - a +2 buckler of reflection (worn)
Scrolls
 b - a scroll of magic mapping {unknown}
 d - 2 scrolls of remove curse {unknown}
 f - 2 scrolls of immolation {unknown}
 j - a scroll of enchant armour {unknown}
Potions
 g - 2 potions of curing {unknown}
 h - a potion of brilliance {unknown}
Comestibles
 c - 3 rations


   Skills:
 + Level 1.2 Fighting
 + Level 0.2(0.6) Short Blades
 * Level 1.0 Long Blades
 + Level 2.2 Dodging
 - Level 2.6 Stealth
 * Level 1.4 Shields
 + Level 4.5 Spellcasting
 * Level 1.9 Conjurations
   Level 1.0 Summonings
 + Level 1.0 Translocations
 * Level 1.0 Air Magic
 * Level 1.2 Poison Magic


You had 4 spell levels left.
You knew the following spells:

 Your Spells              Type           Power        Failure   Level  Hunger
a - Magic Dart            Conj           ##..         8%          1    None
b - Blink                 Tloc           N/A          17%         2    #......
c - Mephitic Cloud        Conj/Pois/Air  ##......     28%         3    ##.....
f - Conjure Flame         Conj/Fire      #.......     32%         3    ##.....

Your spell library contained the following spells:

 Spells                   Type           Power        Failure   Level  Hunger
 Call Imp                 Summ           #.......     17%         2    #......
 Slow                     Hex            #.......     26%         2    #......


Dungeon Overview and Level Annotations

Branches:
Dungeon (3/15)

Altars:
Gozag
Nemelex Xobeh
Okawaru
Ru
Yredelemnul
The Shining One

Annotations:
D:2 Jessica
D:3 Natasha


Innate Abilities, Weirdness & Mutations

You cannot wear most types of armour.
You are very stealthy in the water. (Stealth+)
You are amphibious.
You can wear up to eight rings at the same time.
You can use your tentacles to constrict eight enemies at once.
Your skin changes colour to match your surroundings (Stealth+).
Your rubbery body absorbs attacks. (AC +1, EV +1)


Message History

Found a stone staircase leading down.
Jessica casts a spell.
Jessica seems to speed up.
Jessica gestures wildly while chanting.
Jessica blinks!
Jessica says, "I'm really upset."
Jessica gestures wildly while chanting.
Jessica blinks!
Found a ring mail.
Jessica points at you and mumbles some strange words.
Pain shoots through your body!
There is a stone staircase leading down here.
You climb downwards.
Level annotation: Natasha 4 gnolls, a kobold, 3 orcs and an orc priest come into view.
The kobold shouts!
The gnoll shouts!
The orc shouts! x2
The orc priest shouts!
The orc priest calls down the wrath of Beogh upon you.
Beogh smites you!
You die...

#########
#.....@.#
#[..gg..#
#.og.oK.#
#...go..#
.........#
##...o...#
####o####
. ##. .
#..


You could see an orc priest, 4 gnolls, 4 orcs and a kobold.

Vanquished Creatures
  Sigmund (D:2)
  Natasha (D:3)
  2 adders (D:2)
  An ooze (D:2)
  3 dart slugs
  2 giant cockroaches (D:2)
  A goblin (D:1)
  4 hobgoblins (D:1)
  2 jackals (D:1)
  4 bats
  3 frilled lizards
  2 kobolds
  3 rats (D:1)
29 creatures vanquished.

Notes
Turn   | Place    | Note
-------+----------+-------------------------------------------
     0 | D:1      | Esekla the Octopode Wizard began the quest for the Orb.
     0 | D:1      | Reached XP level 1. HP: 11/11 MP: 4/4
   553 | D:1      | Reached XP level 2. HP: 17/17 MP: 0/6
   612 | D:1      | Learned a level 2 spell: Blink
  1140 | D:2      | Found a sacrificial altar of Ru.
  1260 | D:2      | Found a glowing golden altar of the Shining One.
  1262 | D:2      | Noticed an angel
  1271 | D:2      | Found a basalt altar of Yredelemnul.
  1273 | D:2      | Noticed a profane servitor
  1505 | D:2      | Reached XP level 3. HP: 11/21 MP: 2/8
  2010 | D:2      | Reached skill level 4 in Spellcasting
  2097 | D:2      | Learned a level 3 spell: Mephitic Cloud
  2101 | D:2      | Learned a level 3 spell: Conjure Flame
  2102 | D:3      | Noticed Natasha
  2109 | D:3      | Killed Natasha
  2109 | D:3      | Reached skill level 1 in Shields
  2109 | D:3      | Reached XP level 4. HP: 14/27 MP: 5/10
  2253 | D:3      | Found an opulent altar of Gozag.
  2273 | D:3      | Found a sparkling altar of Nemelex Xobeh.
  2294 | D:3      | Noticed Natasha
  2710 | D:2      | Noticed Jessica
  2711 | D:2      | Noticed Sigmund
  2721 | D:2      | Found an iron altar of Okawaru.
  2734 | D:2      | Killed Sigmund
  2734 | D:2      | Reached skill level 1 in Fighting
  2734 | D:2      | Reached skill level 1 in Long Blades
  2734 | D:2      | Reached skill level 1 in Air Magic
  2734 | D:2      | Reached skill level 1 in Poison Magic
  2734 | D:2      | Reached XP level 5. HP: 27/33 MP: 6/11
  2756 | D:3      | Killed from afar by an orc priest

Illustrated notes

Levels and vault maps discovered:
D:1:      dpeg_arrival_pits, layout_basic, minmay_pentomino_x4
D:2:      layout_loops_corners, grunt_temple_overflow_holy_war,
          okawaru_gym_becter, overflow_temple_1_default,
          nicolae_ru_sacrificial_ziggurat, first_ration, uniq_sigmund,
          uniq_jessica
D:3:      layout_rooms, lemuel_doored_altar, lemuel_round_altar,
          serial_bayou_lagoon_a, chequers_serial_rivers_micro_b, uniq_natasha

Skill      XL: |  1  2  3  4 |
---------------+-------------+-----
Spellcasting   | 4 |  4.5
Shields        | 1 |  1.4
Fighting       | 1 |  1.2
Long Blades    | 1 |  1.0
Air Magic      | 1 |  1.0
Poison Magic   | 1 |  1.2
Short Blades   | |  0.2
Dodging        | |  2.2
Stealth        | |  2.6
Conjurations   | |  1.9
Summonings     | |  1.0
Translocations | |  1.0

Action                   |  1- 3 |  4- 6 || total
-------------------------+-------+-------++-------
Melee: Unarmed           |     9 |       ||     9
       Constrict         |    12 |     4 ||    16
       Tentacles         |     8 |     2 ||    10
       Dagger            |    16 |       ||    16
       Short sword       |    13 |       ||    13
       Long sword        |       |    11 ||    11
 Cast: Magic Dart        |    40 |     5 ||    45
       Mephitic Cloud    |       |     2 ||     2
 Stab: Sleeping          |     1 |       ||     1
  Eat: Chunk             |     3 |     2 ||     5
Armor: Skin              |     6 |       ||     6
Dodge: Dodged            |    23 |     8 ||    31
Block: Buckler           |    11 |     4 ||    15
       Reflection        |     1 |       ||     1
       Rpst.: Long sword |       |     3 ||     3
